 Dungeon Crawl Stone Soup version 0.19.1 (webtiles) character file.

91 Host24 the Sneak (level 4, -13/29 HPs)
             Began as a Kobold Assassin on Dec 24, 2016.
             Killed by divine providence
             ... invoked by an orc priest
              (14 damage)
             ... on level 3 of the Dungeon.
             The game lasted 00:05:40 (2969 turns).

Host24 the Sneak (Kobold Assassin)                  Turns: 2969, Time: 00:05:41

Health: -13/29     AC:  4    Str:  8    XL:     4   Next: 88%
Magic:  4/4        EV: 22    Int: 12    God:
Gold:   109        SH:  0    Dex: 22    Spells: 0 memorised, 3 levels left

rFire  . . .     SeeInvis .     a - +2 dagger
rCold  + . .     Gourm    .     c - +0 robe
rNeg   . . .     Faith    .     (shield restricted)
rPois  .         Spirit   .     (no helmet)
rElec  .         Reflect  .     d - +0 cloak
rCorr  +         Harm     .     (no gloves)
MR     .....                    u - +0 pair of boots
Stlth  ++++......               (no amulet)
                                x - ring of protection from cold
                                v - ring of resist corrosion

@: agile
A: carnivore 3
a: no special abilities


You were on level 3 of the Dungeon.
You were very full.

You visited 1 branch of the dungeon, and saw 3 of its levels.

You collected 109 gold pieces.

Inventory:

Hand Weapons
 a - a +2 dagger (weapon)
 b - a +0 blowgun
Missiles
 e - 24 poisoned needles
 f - 10 curare-tipped needles
 i - 51 arrows
 j - 35 stones (quivered)
 y - 20 bolts
Armour
 c - a +0 robe (worn)
 d - a +0 cloak (worn)
 u - a +0 pair of boots (worn)
Jewellery
 v - a ring of resist corrosion (left hand)
 x - a ring of protection from cold (right hand)
Scrolls
 h - 2 scrolls of identify
 k - 3 scrolls of enchant weapon {unknown}
 l - a scroll of teleportation {unknown}
 m - a scroll of magic mapping {unknown}
 o - 2 scrolls of noise {unknown}
 q - a scroll of immolation {unknown}
 r - a scroll of enchant armour {unknown}
 t - a scroll of fog {unknown}
 w - a scroll of recharging {unknown}
 A - 2 scrolls of remove curse {unknown}
 C - a scroll of amnesia {unknown}
Potions
 n - 2 potions of curing
 p - a potion of degeneration {unknown}
 s - a potion of agility
 z - a potion of might {unknown}
 B - a potion of cure mutation {unknown}
Comestibles
 g - 2 meat rations


   Skills:
 - Level 4.0 Fighting
 - Level 3.0 Short Blades
 - Level 2.1 Throwing
 + Level 3.3 Dodging
 - Level 5.3 Stealth


You had 3 spell levels left.
You didn't know any spells.

Dungeon Overview and Level Annotations

Branches:
Dungeon (3/15)

Altars:
Kikubaaqudgha

Annotations:
D:3 Host24's ghost, amateur KoAs


Innate Abilities, Weirdness & Mutations

You are small and have problems with some larger weapons.
You are carnivorous and can eat meat at any time.


Message History

* * * LOW HITPOINT WARNING * * *
You barely miss the orc priest.
The orc priest is severely wounded.
The orc priest begins to cast a cantrip, but forgets the words!
The orc hits you but does no damage.
You hit the orc priest.
The orc priest is severely wounded.
The orc barely misses you. The orc priest hits you with a whip.
* * * LOW HITPOINT WARNING * * *
The orc hits you but does no damage.
Unknown command.
Okay, then.
Wield which item (- for none, * to show all)? (? for menu, Esc to quit)
Okay, then.
It was a potion of agility.
You feel agile all of a sudden. The orc closely misses you.
The orc priest calls down the wrath of Beogh upon you.
Beogh smites you!
You die...

######.##...# .##.......#
....##.##.....#
.####...#####W# ##
#.....# # ##...## ## ###
# ##.## #. ..# # #.#
#o#####.# # #.# #o@.....#
# ##'## #o#####.# #
##...## #. #...# #
##.....## # ## #.#####
##.......# #. #.....#
##.........##.#########.#
.'.........'........# #.#
##.........###....#.# #.#
##......>## #...##.###.#


You could see an orc priest and 2 orcs.

Vanquished Creatures
  2 adders (D:2)
  2 worms (D:2)
  3 dart slugs (D:1)
  A leopard gecko (D:2)
  6 orcs (D:3)
  A ball python (D:2)
  2 giant cockroaches (D:1)
  5 goblins
  4 hobgoblins
  4 jackals (D:2)
  A quokka (D:2)
  6 bats
  4 frilled lizards
  8 kobolds
  9 rats
58 creatures vanquished.

Notes
Turn   | Place    | Note
-------+----------+-------------------------------------------
     0 | D:1      | Host24 the Kobold Assassin began the quest for the Orb.
     0 | D:1      | Reached XP level 1. HP: 12/12 MP: 1/1
   138 | D:1      | Reached XP level 2. HP: 13/18 MP: 2/2
   406 | D:1      | Reached XP level 3. HP: 8/23 MP: 3/3
  1229 | D:2      | Found an ancient bone altar of Kikubaaqudgha.
  1506 | D:2      | Reached XP level 4. HP: 15/28 MP: 4/4
  2840 | D:3      | Noticed Host24's ghost (amateur KoAs)
  2968 | D:3      | HP: 1/29 [orc priest/whip (6)]
  2969 | D:3      | Killed from afar by an orc priest

Skill      XL: |  1  2  3  4 |
---------------+-------------+-----
Fighting       | 3 4 |  4.0
Dodging        | 2 3 |  3.3
Short Blades   | 3 |  3.0
Throwing       | |  2.1
Stealth        | |  5.3

Action                   |  1- 3 |  4- 6 || total
-------------------------+-------+-------++-------
Melee: Dagger            |   160 |    80 ||   240
  Use: Potion            |     2 |     1 ||     3
       Scroll            |       |     2 ||     2
 Stab: Sleeping          |     3 |     5 ||     8
       Invisible         |     1 |     1 ||     2
       Distracted        |       |     1 ||     1
  Eat: Chunk             |     9 |     5 ||    14
Armor: Robe              |    22 |    10 ||    32
Dodge: Dodged            |    84 |    50 ||   134
